 Dungeon Crawl Stone Soup version 0.26-a0-540-g8a0c9464d7 (webtiles) character file.

Game seed: 15062545452691710467

181 vurker the Chopper (level 5, -5/43 HPs)
             Began as a Formicid Monk on Aug 24, 2020.
             Slain by an orc priest
             ... wielding a +0 war axe
              (9 damage)
             ... on level 3 of the Dungeon.
             The game lasted 00:03:54 (3814 turns).

vurker the Chopper (Formicid Monk)                  Turns: 3814, Time: 00:03:54

Health: -5/43      AC:  2    Str: 13 (16) XL:     5   Next: 92%
Magic:  5/5        EV: 13    Int:  7 (10) God:
Gold:   117        SH:  4    Dex: 13      Spells: 4/4 levels left

rFire    . . .     SeeInvis +   a - +0 hand axe
rCold    . . .     Faith    .   f - +0 buckler
rNeg     . . .     Spirit   .   b - +0 robe
rPois    .         Reflect  .   (helmet unavailable)
rElec    .         Harm     .   (no cloak)
rCorr    .                      (no gloves)
MR       .....                  (no boots)
Stlth    ++........             (no amulet)
HPRegen  0.14/turn              (no ring)
MPRegen  0.09/turn              (no ring)

@: very slightly contaminated, invisible
A: permanent stasis, dig shafts and tunnels, four strong arms, antennae 3
a: Dig, Shaft Self


You were on level 3 of the Dungeon.
You visited 1 branch of the dungeon, and saw 3 of its levels.

You collected 117 gold pieces.

Inventory:

Hand Weapons
 a - a +0 hand axe (weapon)
Armour
 b - a +0 robe (worn)
 f - a +0 buckler (worn)
   (You found it on level 1 of the Dungeon)
 t - a +0 pair of gloves
   (You found it on level 2 of the Dungeon)
Scrolls
 d - a scroll of amnesia {unknown}
 e - a scroll of enchant armour {unknown}
 i - 5 scrolls of identify {unknown}
 j - a scroll of blinking {unknown}
 m - 5 scrolls of teleportation {unknown}
 p - a scroll of fog {unknown}
 q - a scroll of random uselessness {unknown}
 r - 2 scrolls of magic mapping {unknown}
 s - 2 scrolls of immolation {unknown}
Potions
 c - a potion of invisibility
 g - a potion of stabbing
 h - a potion of haste {unknown}
 k - 2 potions of curing {unknown}
 n - a potion of experience {unknown}


   Skills:
 + Level 4.4 Fighting
 * Level 4.9 Axes
 - Level 2.6 Dodging
 - Level 2.4 Stealth
 - Level 2.4 Shields


You had 4 spell levels left.
You didn't know any spells.
Your spell library was empty.

Dungeon Overview and Level Annotations

Branches:
Dungeon (3/15)

Altars:

Annotations:
D:3 2 transporters


Innate Abilities, Weirdness & Mutations

You cannot be hasted, slowed, berserked, paralysed or teleported.
You can dig through walls and to a lower floor.
Your four strong arms can wield two-handed weapons with a shield.
You have a pair of large antennae on your head. (SInv)


Message History

The orc priest shouts!
The orc shouts!
You hear a shout!
A goblin comes into view. It is wielding a -3 dagger.
The orc priest shouts!
The orc hits you.
You slash the orc!
You kill the orc!
You hit the orc priest. The orc priest barely misses you.
You barely miss the orc priest.
The orc priest hits you but does no damage.
The orc priest calls down the wrath of Beogh upon you.
Beogh smites you!
You barely miss the orc priest.
The orc priest invokes the aid of Beogh against you.
Beogh smites you!
* * * LOW HITPOINT WARNING * * *
You extend your mandibles.
You dig through the rock wall.
The orc priest looks braver for a moment.
You dig through the rock wall.
The orc priest invokes the aid of Beogh against you.
Beogh smites you!
* * * LOW HITPOINT WARNING * * *
You dig through the rock wall.
It was a potion of invisibility.
You fade into invisibility!
The orc priest closely misses you.
You are very lightly contaminated with residual magic.
You retract your mandibles.
You slash the orc priest! The orc priest closely misses you.
You hit the orc priest but do no damage.
The orc priest looks braver for a moment.
You hit the orc priest but do no damage.
You block the orc priest's attack.
You barely miss the orc priest.
The orc priest mumbles some strange prayers to Beogh against you.
Pain shoots through your body!
* * * LOW HITPOINT WARNING * * *
You hit the orc priest but do no damage.
You hit the orc priest.
You kill the orc priest!
You hit the orc priest. The orc priest closely misses you.
You hit the orc priest. The orc priest misses you.
You barely miss the orc priest.
The orc priest hits you with a +0 war axe.
* * * LOW HITPOINT WARNING * * *
You hit the orc priest. The orc priest closely misses you.
You closely miss the orc priest. You barely miss the orc priest.
The orc priest hits you with a +0 war axe!
You die...

#### ....# #########o....#
#.....{.[.....# #.####{##.....#
### #.# #o## ....# #.# #.# ##@#
...# #.# ###.# ### ..# #.# #...#
####### ## #.#
#.#.####.....############ #.#
#>....................)..
#.#######.#.####.###.#########...
#.......#.#.####.###†...######...
#.#####.#.......................†
#.# #......#######.############


You could see an orc priest (wandering).

Vanquished Creatures
  An orc priest (D:3)
  3 gnolls (D:3)
  3 adders
  A worm (D:3)
  2 dart slugs
  3 leopard geckos
  5 orcs
  8 giant cockroaches
  10 goblins
  7 hobgoblins
  4 jackals (D:3)
  2 quokkas (D:3)
  7 bats
  11 frilled lizards
  6 kobolds
  9 rats
82 creatures vanquished.

Vanquished Creatures (others)
  A quokka (D:2)
1 creature vanquished.

Grand Total: 83 creatures vanquished

Notes
Turn   | Place    | Note
-------+----------+-------------------------------------------
     0 | D:1      | vurker the Formicid Monk began the quest for the Orb.
     0 | D:1      | Reached XP level 1. HP: 18/18 MP: 1/1
   233 | D:1      | Reached XP level 2. HP: 23/24 MP: 2/2
   550 | D:1      | Reached XP level 3. HP: 24/29 MP: 3/3
   708 | D:1      | Reached skill level 1 in Shields
  1383 | D:2      | Reached XP level 4. HP: 22/37 MP: 4/4
  2711 | D:3      | Reached XP level 5. HP: 20/42 MP: 5/5
  3539 | D:3      | Found a transporter.
  3560 | D:3      | Found a transporter.
  3814 | D:3      | Slain by an orc priest

Illustrated notes

Levels and vault maps discovered:
D:1:      nagdon_arrival_double_spiral, layout_basic,
          minmay_misc_feat_secret_circle
D:2:      layout_rooms
D:3:      gammafunk_wand_slinger, layout_basic

Skill      XL: |  1  2  3  4 |
---------------+-------------+-----
Shields        | 1 2 |  2.4
Axes           | 4 |  4.9
Fighting       | 4 |  4.4
Dodging        | |  2.6
Stealth        | |  2.4

Action                   |  1- 3 |  4- 6 || total
-------------------------+-------+-------++-------
Melee: Hand axe          |   121 |   198 ||   319
 Abil: Dig               |       |     2 ||     2
  Use: Potion            |       |     5 ||     5
 Stab: Sleeping          |     3 |     5 ||     8
Armor: Robe              |    38 |    26 ||    64
       Skin              |       |     1 ||     1
Dodge: Dodged            |    70 |   138 ||   208
Block: Buckler           |    29 |    33 ||    62

Table legend: (Time is in decaauts)
 A = Elapsed time spent in this place.
 B = Non-inter-level travel time spent in this place.
 C = Inter-level travel time spent in this place.
 D = Time resting spent in this place.
 E = Time spent auto-exploring this place.
 F = Levels seen in this place.
 G = Mean time per level.
                   A        B        C        D        E       F      G
               +--------+--------+--------+--------+--------+-----+--------+
         Total |   3930 |   3837 |     93 |    553 |   2539 |   3 | 1310.0 |
       Dungeon |   3930 |   3837 |     93 |    553 |   2539 |   3 | 1310.0 |
               +--------+--------+--------+--------+--------+-----+--------+

Top non-repeatable levels by time:
     D:1: 1386 daAuts
     D:3: 1292 daAuts
     D:2: 1251 daAuts
